 Dungeon Crawl Stone Soup version 0.26.0-20-g3ca415f5b8 (webtiles) character file.

Game seed: 7228708051423211974

3997 thiole the Fighter (level 10, -13/115 HPs)
             Began as an Octopode Hedge Wizard on Jan 25, 2021.
             Was an Initiate of Gozag.
             Mangled by an ogre
             ... wielding a +0 giant spiked club
              (21 damage)
             ... on level 10 of the Dungeon.
             The game lasted 00:36:20 (13135 turns).

thiole the Fighter (Octopode Hedge Wizard)         Turns: 13135, Time: 00:36:21

Health: -13/115    AC: 12    Str: 10    XL:     10   Next: 23%
Magic:  8/16       EV:  2    Int: 19    God:    Gozag
Gold:   1466       SH:  5    Dex: 12    Spells: 9/17 levels left

rFire    . . .     SeeInvis .   B - +1 dagger (protect)
rCold    . . .     Faith    .   D - +0 buckler
rNeg     + + +     Spirit   .   (helmet currently unavailable)
rPois    +         Reflect  .   (no amulet)
rElec    .         Harm     .   i - ring of poison resistance
rCorr    .         Rampage  .   l - +4 ring of evasion
Will     +....     NoTele   +   (no ring)
Stlth    +++.......             J - ring of willpower
HPRegen  0.29/turn              (no ring)
MPRegen  0.15/turn              (no ring)
                                (no ring)
                                (no ring)

@: tree-form, corroded, gold aura, protection aura, hasted, very quick
A: almost no armour, stealthy swim, (amphibious), 8 rings, (constrict 8)
a: Renounce Religion, Potion Petition, Call Merchant, Bribe Branch


You were on level 10 of the Dungeon.
You worshipped Gozag.
Gozag was most pleased with you.
You were a tree.
You visited 2 branches of the dungeon, and saw 11 of its levels.

You collected 1779 gold pieces.
You paid 313 gold pieces to Gozag.

Inventory:

Hand Weapons
 a - a +0 dagger
 r - a cursed +0 hand axe
 w - a +2 vampiric hand axe
 B - a +1 dagger of protection (weapon)
Missiles
 o - 426 stones
 z - 20 poisoned darts
Armour
 b - a +2 hat (melded)
 y - a +1 hat
 D - a +0 buckler (worn)
Magical Staves
 C - an uncursed staff of conjuration
Jewellery
 i - a ring of poison resistance (left branch)
 l - a +4 ring of evasion (right branch)
 J - a ring of willpower (on tentacle)
Wands
 e - a wand of paralysis (6)
 k - a wand of random effects (32)
Scrolls
 c - 7 scrolls of amnesia
 f - 2 scrolls of blinking {unknown}
 g - 5 scrolls of remove curse
 j - 3 scrolls of teleportation {unknown}
 q - 2 scrolls of random uselessness {unknown}
 v - a scroll of magic mapping {unknown}
 x - a scroll of noise {unknown}
 E - a scroll of fear {unknown}
 F - 2 scrolls of enchant armour
 I - a scroll of fog {unknown}
 K - a scroll of holy word {unknown}
Potions
 h - 2 potions of curing
 m - 3 potions of mutation
 n - a potion of might
 p - a potion of berserk rage
 s - 2 potions of magic
 u - 3 potions of flight {unknown}
Miscellaneous
 H - a phantom mirror


   Skills:
 * Level 10.5 Fighting
 + Level 6.6 Dodging
 - Level 5.0 Stealth
 - Level 4.0 Shields
 - Level 4.0 Spellcasting
 - Level 2.0 Conjurations
 - Level 2.0 Summonings
 - Level 1.0 Translocations
 - Level 2.0 Air Magic
 - Level 2.0 Poison Magic
 - Level 2.0 Evocations


You had 9 spell levels left.
You knew the following spells:

 Your Spells              Type           Power        Failure   Level
a - Magic Dart            Conj           44%          6%          1
b - Call Imp              Summ           11%          9%          2
c - Slow                  Hex            3%           21%         2
d - Mephitic Cloud        Conj/Pois/Air  11%          19%         3

Your spell library contained the following spells:

 Spells                   Type           Power        Failure   Level
 Beastly Appendage        Tmut           6%           14%         1
 Blink                    Tloc           N/A          14%         2
 Conjure Flame            Conj/Fire      7%           26%         3


Dungeon Overview and Level Annotations

Branches:
Dungeon (10/15)            Temple (1/1) D:4             Orc (0/2) D:9
   Lair: D:8-11

Altars:
Ashenzari
Cheibriados
Dithmenos
Elyvilon
Fedhas
Gozag
Kikubaaqudgha
Makhleb
Nemelex Xobeh
Okawaru
Qazlal
Sif Muna
Trog
Uskayaw
Vehumet
Wu Jian
Xom
Yredelemnul
Zin
The Shining One

Shops:
D:7 [


Innate Abilities, Weirdness & Mutations

You cannot wear most types of armour.
You are very stealthy in the water. (Stealth+)
((You are amphibious.))
You can wear up to eight rings at the same time.
((You can use your tentacles to constrict eight enemies at once.))
((Your skin changes colour to match your surroundings (Stealth+).))
((Your rubbery body absorbs attacks. (AC +1, EV +1)))


Message History

The brown ugly thing headbutts you.
* * * LOW HITPOINT WARNING * * *
You are splashed with acid!
* * * LOW HITPOINT WARNING * * *
A sky beast appears from thin air!
Reactivating autopickup.
The sky beast hits you.
* * * LOW HITPOINT WARNING * * *
The sky beast shocks you.
* * * LOW HITPOINT WARNING * * *
Your white imp hits the ogre.
Your white imp freezes the ogre.
Your crimson imp completely misses the ogre. [a] - 414 gold - resistance and invisibility [b] - 220 gold - haste [c] - 572 gold - brilliance, magic, resistance and might Purchase which effect?
You feel yourself speed up.
The ogre hits you with a +0 giant spiked club!!
You die...
Your body crumbles into a pile of gold.

.♣.≈ ..≈≈ .≈≈
.. ##.######
# #...#.♣.♣$#
♣..u♣..♣..♣..
+>8Y$$......♣
$
♣.5♣♣Z.♣..♣..
#(5O#.♣.♣.#
##'###### #
.. .♣♣ .. ♣.
.♣


You could see a brown ugly thing (confused), a sky beast (corroded), an ogre, a
friendly crimson imp (summoned, corroded) and a friendly white imp (summoned).

Vanquished Creatures
  Menkaure (D:6)
  6 orc warriors
  An ice beast (D:6)
  A sky beast (D:5)
  3 ogres
  2 phantoms (D:6)
  2 lemures
  6 centaurs
  A big kobold (D:7)
  6 bullfrogs
  A wyvern zombie (D:6)
  2 howler monkeys
  A jelly (D:10)
  A quasit (D:9)
  A bullfrog zombie (D:8)
  3 bullfrog skeletons
  3 orc priests
  2 centaur skeletons
  4 hounds
  13 orc wizards
  10 worker ants
  15 adders
  5 gnolls
  A shadow imp (D:5)
  2 ufetubi
  3 oozes
  An adder skeleton (D:9)
  4 worms
  3 dart slugs
  7 leopard geckos
  36 orcs
  A ball python (D:6)
  2 giant cockroaches
  12 goblins
  7 hobgoblins
  8 jackals
  11 kobolds
  7 quokkas
  7 bats
  5 frilled lizards
  A jackal zombie (D:8)
  2 leopard gecko skeletons
  A quokka zombie (D:5)
  9 rats
220 creatures vanquished.

Vanquished Creatures (collateral kills)
  Pikel (D:4)
  A water moccasin (D:5)
  A black bear (D:6)
  An ogre (D:6)
  A lemure (D:4)
  A scorpion (D:4)
  2 bullfrog zombies
  A gnoll shaman (D:4)
  A bullfrog skeleton (D:6)
  A worker ant (D:7)
  3 gnolls (D:4)
  A shadow imp (D:6)
  An adder skeleton (D:6)
  A leopard gecko (D:6)
  4 orcs
  A quokka (D:5)
22 creatures vanquished.

Vanquished Creatures (others)
  7 plants (D:10)
7 creatures vanquished.

Grand Total: 249 creatures vanquished

Notes
Turn   | Place    | Note
-------+----------+-------------------------------------------
     0 | D:1      | thiole the Octopode Hedge Wizard began the quest for the
                  | Orb.
     0 | D:1      | Reached XP level 1. HP: 11/11 MP: 4/4
   293 | D:1      | Reached XP level 2. HP: 15/17 MP: 0/6
  1235 | D:1      | Reached XP level 3. HP: 21/21 MP: 2/7
  2068 | D:2      | Found a snail-covered altar of Cheibriados.
  2218 | D:2      | Reached XP level 4. HP: 27/27 MP: 4/8
  2262 | D:2      | Found a hide-covered altar of Uskayaw.
  2739 | D:2      | Learned a level 2 spell: Call Imp
  2742 | D:2      | Learned a level 2 spell: Slow
  2746 | D:2      | Learned a level 3 spell: Mephitic Cloud
  3020 | D:3      | Reached XP level 5. HP: 31/31 MP: 8/10
  3556 | D:3      | Found a bloodstained altar of Trog.
  3648 | D:3      | Reached skill level 1 in Poison Magic
  4090 | D:4      | Reached skill level 1 in Fighting
  4090 | D:4      | Reached skill level 1 in Air Magic
  4143 | D:4      | Found a staircase to the Ecumenical Temple.
  4155 | D:4      | Reached skill level 5 in Stealth
  4177 | D:4      | Reached XP level 6. HP: 17/38 MP: 5/11
  4183 | Temple   | Entered the Ecumenical Temple
  4448 | Temple   | Became a worshipper of Gozag Ym Sagoz the Greedy
  4898 | D:4      | Noticed Pikel
  5177 | D:4      | Reached skill level 2 in Fighting
  5335 | D:4      | Found a bloodstained altar of Trog.
  5622 | D:4      | Reached skill level 3 in Fighting
  5637 | D:4      | Found a sparkling altar of Nemelex Xobeh.
  5767 | D:4      | Killed Pikel
  5768 | D:4      | Reached skill level 5 in Fighting
  5768 | D:4      | Reached XP level 7. HP: 50/50 MP: 2/13
  6006 | D:5      | Entered Level 5 of the Dungeon
  6413 | D:5      | Found a shimmering blue altar of Sif Muna.
  6433 | D:5      | Reached skill level 6 in Fighting
  6433 | D:5      | Reached skill level 1 in Evocations
  6433 | D:5      | Reached XP level 8. HP: 24/57 MP: 14/14
  7784 | D:6      | Reached skill level 7 in Fighting
  7880 | D:6      | Noticed Menkaure
  7898 | D:6      | Killed Menkaure
  8195 | D:6      | Found an ancient bone altar of Kikubaaqudgha.
  8253 | D:6      | Found a stormy altar of Qazlal.
  8809 | D:7      | Reached skill level 8 in Fighting
  8920 | D:7      | Found an ornate altar of the Wu Jian Council.
  8931 | D:7      | Reached XP level 9. HP: 60/66 MP: 12/15
  9576 | D:8      | Reached skill level 5 in Dodging
  9937 | D:8      | Reached skill level 1 in Shields
  9996 | D:8      | Reached skill level 9 in Fighting
 11195 | D:7      | Found Ynnipsit's Antique Armour Boutique.
 11451 | D:7      | Found a shimmering blue altar of Sif Muna.
 11471 | D:7      | Identified Sif Muna's Volume of Transmigration
 11884 | D:9      | Found a staircase to the Orcish Mines.
 11914 | D:9      | Reached skill level 10 in Fighting
 11914 | D:9      | Reached XP level 10. HP: 76/76 MP: 11/16
 13088 | D:10     | Entered Level 10 of the Dungeon
 13116 | D:10     | Noticed a brown ugly thing
 13135 | D:10     | Mangled by an ogre

Illustrated notes

Levels and vault maps discovered:
D:1:      mrwooster_arrival_statue_3, layout_basic
D:2:      layout_basic, cheibriados_altar_1, old_standard_altar, serial_curves,
          eino_curves_01, eino_curves_03
D:3:      layout_rooms, trog_hazing_becter
D:4:      layout_rooms, nemelex_altar_shiori, minmay_temple_entry_trees,
          trog_butcher_becter, uniq_pikel
D:5:      layout_loops_cross, nicolae_overflow_crystal_walls
D:6:      layout_rooms, nicolae_qazlal_eye_of_the_storm, basic_altar,
          uniq_menkaure
D:7:      layout_cave_pools, lemuel_crystal_altar, serial_shops,
          kennysheep_little_box, led_sif_book
D:8:      layout_basic
D:9:      layout_loops_corners, david_orc_1_choice
D:10:     nzn_winding_woodlands_stair_cross
          [nzn_winding_woodlands_5x15_sidewinder,
          nzn_winding_woodlands_center_garden,
          nzn_winding_woodlands_5x15_zeroes, nzn_winding_woodlands_hourglass,
          nzn_winding_woodlands_5x5_checkerboard,
          nzn_winding_woodlands_5x15_pool,
          nzn_winding_woodlands_center_diamonds,
          nzn_winding_woodlands_5x15_parted], layout_basic
Temple:   eino_temple_scatter_basement

Skill      XL: |  1  2  3  4  5  6  7  8  9 10 |
---------------+-------------------------------+-----
Stealth        | 3 4 5 |  5.0
Conjurations   | 2 |  2.0
Summonings     | 2 |  2.0
Poison Magic   | 1 2 |  2.0
Fighting       | 1 5 6 8 10 | 10.5
Air Magic      | 1 2 |  2.0
Spellcasting   | 4 |  4.0
Evocations     | 1 2 |  2.0
Dodging        | 4 6 |  6.6
Shields        | 3 4 |  4.0
Translocations | |  1.0

Action                   |  1- 3 |  4- 6 |  7- 9 | 10-12 || total
-------------------------+-------+-------+-------+-------++-------
Melee: Dagger            |    22 |    96 |   395 |   136 ||   649
       Constrict         |     7 |    24 |    71 |    17 ||   119
       Tentacles         |     1 |    21 |    70 |    24 ||   116
       Staff             |       |       |     9 |       ||     9
 Cast: Magic Dart        |    98 |   138 |   155 |    13 ||   404
       Call Imp          |       |    23 |    58 |     2 ||    83
       Mephitic Cloud    |       |       |     5 |     4 ||     9
Invok: Potion Petition   |       |       |       |     1 ||     1
Evoke: Wand              |       |       |     4 |     4 ||     8
  Use: Scroll            |     3 |     1 |    11 |     1 ||    16
       Potion            |       |       |     3 |     4 ||     7
 Stab: Sleeping          |       |     4 |    10 |     2 ||    16
       Distracted        |       |       |     6 |       ||     6
       Confused          |       |       |     3 |     1 ||     4
Armor: Skin              |     6 |    15 |    37 |    38 ||    96
Dodge: Dodged            |    20 |    89 |   331 |   121 ||   561
Block: Buckler           |       |       |    33 |    24 ||    57
